 Dungeon Crawl Stone Soup version 0.31-a0-300-g4ac5daa9c1 (webtiles) character file.

Game seed: 1788275867856663010

3602 Crownlay the Destroyer (level 9, -10/74 HPs)
             Began as a Demigod Conjurer on July 16, 2023.
             Mangled by a two-headed ogre
             ... wielding a +0 giant spiked club
              (14 damage)
             ... on level 8 of the Dungeon.
             The game lasted 00:22:45 (7623 turns).

Crownlay the Destroyer (Demigod Conjurer)           Turns: 7623, Time: 00:22:45

Health: -10/74     AC: 17    Str:  8    XL:     9   Next: 56%
Magic:  23/30      EV: 12    Int: 32    God:
Gold:   66         SH:  0    Dex: 18    Spells: 14/20 levels left

rFire   . . .        z - +1 mace (protect)
rCold   . . .        (no shield)
rNeg    . . .        x - +0 steam dragon scales
rPois   .            h - +0 helmet
rElec   .            (no cloak)
rCorr   .            i - +2 pair of gloves
SInv    .            (no boots)
Will    .....        o - amulet of magic regeneration
Stlth   ++           f - +6 ring of dexterity
HPRegen 0.32/turn    w - ring of magical power
MPRegen 0.62/turn

%: no passive effects
@: ice-armoured
A: high MP 1, forlorn, divine attributes
a: no special abilities


You were on level 8 of the Dungeon.
You visited 1 branch of the dungeon, and saw 8 of its levels.

You collected 386 gold pieces.
You spent 320 gold pieces at shops.

Inventory:

Hand Weapons
 z - a +1 mace of protection (weapon)
Missiles
 t - 2 curare-tipped darts
Armour
 h - a +0 helmet (worn)
 i - a +2 pair of gloves (worn)
 x - +0 steam dragon scales (worn)
Jewellery
 f - a +6 ring of dexterity (left hand)
 o - an amulet of magic regeneration (around neck)
 w - a ring of magical power (right hand)
 D - a ring of flight
Wands
 a - a wand of flame (1)
 y - a wand of charming (4)
 C - a wand of iceblast (8)
Scrolls
 c - a scroll of identify
 d - a scroll of enchant weapon {unknown}
 e - a scroll of immolation {unknown}
 g - 4 scrolls of teleportation
 j - a scroll of brand weapon {unknown}
 m - 3 scrolls of noise
 n - a scroll of blinking
 q - a scroll of revelation
 v - 2 scrolls of torment
 A - a scroll of enchant armour
 B - 2 scrolls of fog
 E - a scroll of vulnerability {unknown}
Potions
 b - 2 potions of magic
 k - 8 potions of curing
 l - a potion of resistance
 p - 2 potions of berserk rage
 r - a potion of enlightenment
 s - 2 potions of invisibility
 u - 2 potions of brilliance


   Skills:
 - Level 5.0 Fighting
 - Level 1.7 Dodging
 - Level 1.7 Stealth
 + Level 6.0 Spellcasting
 + Level 8.8 Conjurations
 * Level 3.3 Fire Magic
 + Level 4.9 Ice Magic


You had 14 spell levels left.
You knew the following spells:

 Your Spells              Type           Power      Damage    Failure   Level
a - Magic Dart            Conj           100%       1d8       1%          1
b - Searing Ray           Conj           100%       2d8       1%          2
c - Ozocubu's Armour      Ice            40%        N/A       1%          3

Your spell library contained the following spells:

 Spells                   Type           Power      Damage    Failure   Level
 Foxfire                  Conj/Fire      100%       2x1d9     1%          1
 Dazzling Flash           Conj/Hex       76%        N/A       2%          3
 Necrotise                Necr           36%        1d5       4%          1
 Fulminant Prism          Conj/Hex       19%        3d11      8%          4
 Iskenderun's Mystic Bla  Conj/Tloc      38%        2d9       8%          4
 Vampiric Draining        Necr           9%         2d6       14%         3
 Olgreb's Toxic Radiance  Pois           9%         N/A       41%         4
 Starburst                Conj/Fire      24%        6d8       50%         6
 Agony                    Necr           9%         N/A       77%         5
 Plasma Beam              Fire/Air       10%        2x1d21    98%         6
 Ozocubu's Refrigeration  Ice            20%        4d11      99%         7
 Discord                  Hex            4%         N/A       100%        8
 Ignition                 Fire           15%        3d6       100%        8


Dungeon Overview and Level Annotations

Branches:
Dungeon (8/15)             Temple (0/1) D:6
   Lair: D:8-11

Shops:
D:1 *   D:2 *?(   D:7 [

Annotations:
D:6 3 runed translucent doors, Sapher's ghost, amateur TrSh


Innate Abilities, Weirdness & Mutations

You have an increased reservoir of magic. (+10% MP)
You shall have no god before yourself.
Your divine heritage dramatically boosts your attributes as you level up.


Message History

Casting: Searing Ray (safe; 1% risk of failure)
Confirm with . or Enter, or press ? or * to list all spells.
Aiming: Searing Ray (safe; 1% risk of failure)
Press: ? - help, Shift-Dir - straight line, f - two-headed ogre
Aim: a two-headed ogre, wielding two +0 giant spiked clubs (92% to hit)
The searing ray hits the two-headed ogre.
The two-headed ogre is lightly wounded. (Press . to maintain the ray.)
The searing ray hits the two-headed ogre!
The two-headed ogre is moderately wounded.
The two-headed ogre completely misses you.
The two-headed ogre hits you with a +0 giant spiked club!
The searing ray hits the two-headed ogre!
The two-headed ogre is heavily wounded.
Casting: Searing Ray (safe; 1% risk of failure)
Confirm with . or Enter, or press ? or * to list all spells.
A film of ice covers your body!
The two-headed ogre hits you with a +0 giant spiked club. x2
Casting: Ozocubu's Armour (safe; 1% risk of failure)
Confirm with . or Enter, or press ? or * to list all spells.
Aiming: Searing Ray (safe; 1% risk of failure)
Press: ? - help, Shift-Dir - straight line, f/p - two-headed ogre
Aim: a two-headed ogre, wielding two +0 giant spiked clubs (heavily wounded, 92% to hit)
The searing ray hits the two-headed ogre.
The two-headed ogre is heavily wounded. (Press . to maintain the ray.)
The two-headed ogre hits you with a +0 giant spiked club!!
The two-headed ogre hits you with a +0 giant spiked club.
The searing ray misses the two-headed ogre.
The searing ray hits the two-headed ogre!
The two-headed ogre is severely wounded.
The two-headed ogre hits you with a +0 giant spiked club.
The two-headed ogre barely misses you.
The searing ray hits the two-headed ogre.
The two-headed ogre is severely wounded.
You finish channelling your searing ray.
The two-headed ogre hits you with a +0 giant spiked club!!
* * * LOW HITPOINT WARNING * * *
The two-headed ogre hits you with a +0 giant spiked club!
You die...

........#
.......[#
........#
........# #....#
#.# #.# #####O#
..>##@# #####
#####..##.#
.>....#<#.#..##.#
#.......#..##.#
#.#.#.#.#..##.#
....#.#.#..##.#
....)..........#
#.....#####..####
#.....+......#


You could see a two-headed ogre.

Vanquished Creatures
  Pikel (D:4)
  Joseph (D:7)
  A hornet (D:7)
  Eustachio (D:6)
  2 steam dragons (D:5)
  2 ice beasts
  5 ogres
  3 centaurs
  A phantom (D:6)
  3 lemures (D:4)
  3 kobold brigands
  3 scorpions
  A bullfrog (D:6)
  4 wights (D:7)
  2 orc priests
  5 hounds
  2 sleepcaps
  4 iguanas
  3 orc wizards
  A hound skeleton (D:2)
  7 adders
  2 gnolls (D:7)
  A white imp (D:6)
  3 adder skeletons (D:2)
  An adder zombie (D:2)
  A worm (D:2)
  A dart slug (D:3)
  15 orcs
  5 ball pythons
  A bat skeleton (D:2)
  12 endoplasms
  5 giant cockroaches
  5 goblins
  6 hobgoblins
  6 jackals
  A ball python skeleton (D:2)
  4 bats
  A frilled lizard (D:3)
  10 kobolds
  A quokka skeleton (D:2)
  2 rats
138 creatures vanquished.

Vanquished Creatures (others)
  A gnoll (D:7)
1 creature vanquished.

Grand Total: 139 creatures vanquished

Notes
Turn   | Place    | Note
-------+----------+-------------------------------------------
     0 | D:1      | Crownlay the Demigod Conjurer began the quest for the Orb.
     0 | D:1      | Reached XP level 1. HP: 14/14 MP: 5/5
   497 | D:1      | Found Koijyer's General Store.
   532 | D:1      | Reached XP level 2. HP: 20/20 MP: 1/7
   540 | D:1      | Reached skill level 4 in Conjurations
   542 | D:1      | Bought a scroll of identify for 22 gold pieces
  1189 | D:2      | Reached XP level 3. HP: 5/26 MP: 0/9
  1283 | D:2      | Learned a level 2 spell: Searing Ray
  1416 | D:2      | Found Innaxeeg's Magic Scroll Shoppe.
  1524 | D:2      | Reached XP level 4. HP: 33/33 MP: 4/10
  1572 | D:2      | Bought a scroll of teleportation for 36 gold pieces
  1720 | D:2      | Found Qil Bico's Antique Weapon Emporium.
  1894 | D:2      | Found Qaonaem's General Store.
  2369 | D:3      | Reached skill level 5 in Conjurations
  2934 | D:2      | Bought a scroll of revelation for 90 gold pieces
  3049 | D:4      | Noticed a kobold brigand
  3058 | D:4      | Killed a kobold brigand
  3059 | D:4      | Reached skill level 1 in Fighting
  3059 | D:4      | Reached XP level 5. HP: 16/40 MP: 7/12
  3183 | D:4      | Noticed an ogre
  3190 | D:4      | Killed an ogre
  3231 | D:4      | Reached XP level 6. HP: 47/47 MP: 8/14
  3531 | D:4      | Noticed Pikel
  3541 | D:4      | Killed Pikel
  3542 | D:4      | Reached skill level 7 in Conjurations
  3542 | D:4      | Reached XP level 7. HP: 33/57 MP: 3/16
  3858 | D:5      | Entered Level 5 of the Dungeon
  4221 | D:5      | Reached skill level 1 in Ice Magic
  4221 | D:5      | Reached XP level 8. HP: 66/66 MP: 13/17
  4536 | D:5      | Reached skill level 8 in Conjurations
  4540 | D:5      | Learned a level 3 spell: Ozocubu's Armour
  4947 | D:5      | Reached skill level 5 in Spellcasting
  5358 | D:6      | Found a staircase to the Ecumenical Temple.
  5387 | D:6      | Reached skill level 1 in Fire Magic
  5486 | D:6      | Found a runed translucent gate.
  5486 | D:6      | Found a runed translucent gate.
  5486 | D:6      | Found a runed translucent gate.
  5486 | D:6      | Noticed Sapher's ghost (amateur TrSh)
  5487 | D:6      | Noticed a kobold demonologist
  5570 | D:6      | Noticed Eustachio
  5580 | D:6      | Killed Eustachio
  5581 | D:6      | Reached XP level 9. HP: 56/72 MP: 20/20
  5947 | D:7      | Found Jykkulen's Antique Armour Emporium.
  5974 | D:6      | HP: 2/72 [kobold brigand/+0 dagger (4)]
  6280 | D:2      | Bought a scroll of blinking for 90 gold pieces
  6293 | D:1      | Bought a scroll of enchant armour for 82 gold pieces
  6440 | D:7      | Noticed Joseph
  7002 | D:7      | Killed Joseph
  7003 | D:7      | Reached skill level 5 in Fighting
  7612 | D:8      | Noticed a two-headed ogre
  7623 | D:8      | Mangled by a two-headed ogre

Illustrated notes

Levels and vault maps discovered:
D:1:      dpeg_arrival_lava_altar, layout_basic, serial_shops, shop,
          serial_park_tiny_2
D:2:      layout_rooms, nicolae_ecumenical_oubliette, serial_undead,
          serial_undead_d, serial_undead_a, serial_undead_d, serial_undead_d,
          serial_shops, shop, shop_scrolls, nicolae_shop_just_a_little_nook
D:3:      layout_basic, kennysheep_generic_room_3
D:4:      dreamdust_elfheim, layout_loops_ring, corexii_hall_statues_s,
          uniq_pikel
D:5:      kennysheep_steamy, layout_loops_cross, old_standard_altar,
          nicolae_overflow_hallway_of_the_gods, mainiacjoe_overflow_alcove_2,
          minivault_5, patterned_corridor
D:6:      layout_rooms, minmay_temple_entry_slanted,
          gammafunk_ghost_nasty_kobolds, minmay_misc_feat_x, uniq_eustachio
D:7:      layout_cave_pools, general_overflow_altar, serial_shops, shop,
          uniq_joseph
D:8:      layout_basic

Skill      XL: |  1  2  3  4  5  6  7  8  9 |
---------------+----------------------------+-----
Spellcasting   | 2 3 4 5 6 |  6.0
Conjurations   | 4 5 7 8 |  8.8
Fighting       | 1 3 4 5 |  5.0
Ice Magic      | 1 3 4 |  4.9
Fire Magic     | 1 3 |  3.3
Dodging        | |  1.7
Stealth        | |  1.7

Action                     |  1- 3 |  4- 6 |  7- 9 || total
---------------------------+-------+-------+-------++-------
  Melee: Dagger            |     8 |       |       ||     8
         Trident           |     8 |     2 |       ||    10
   Cast: Magic Dart        |    61 |    65 |   124 ||   250
         Searing Ray       |     3 |    18 |    55 ||    76
         Ozocubu's Armour  |       |       |     4 ||     4
    Use: Potion            |     2 |       |     1 ||     3
         Scroll            |       |     4 |     5 ||     9
 Armour: Skin              |     6 |       |       ||     6
         Robe              |     4 |     5 |     7 ||    16
         Steam dragon scal |       |       |    33 ||    33
  Dodge: Dodged            |    21 |    18 |    71 ||   110

Table legend: (Time is in decaauts)
 A = Elapsed time spent in this place.
 B = Non-inter-level travel time spent in this place.
 C = Inter-level travel time spent in this place.
 D = Time resting spent in this place.
 E = Time spent auto-exploring this place.
 F = Levels seen in this place.
 G = Mean time per level.
                   A        B        C        D        E       F      G
               +--------+--------+--------+--------+--------+-----+--------+
         Total |   7650 |   7082 |    568 |    298 |   5767 |   8 |  956.2 |
       Dungeon |   7650 |   7082 |    568 |    298 |   5767 |   8 |  956.2 |
               +--------+--------+--------+--------+--------+-----+--------+

Top non-repeatable levels by time:
     D:6: 1438 daAuts
     D:5: 1340 daAuts
     D:1: 1174 daAuts
     D:3: 1003 daAuts
     D:2: 962 daAuts
     D:4: 944 daAuts
     D:7: 752 daAuts
     D:8: 35 daAuts
